 Dungeon Crawl Stone Soup version 0.24-a0-269-g32ec7ca (webtiles) character file.

Game seed: 7238555120519725

63 vorskei the Magician (level 3, -1/19 HPs)
             Began as a Deep Elf Wizard on Apr 23, 2019.
             Slain by an orc wizard
             ... wielding a +0 dagger
              (3 damage)
             ... on level 2 of the Dungeon.
             The game lasted 00:04:54 (2230 turns).

vorskei the Magician (Deep Elf Wizard)              Turns: 2230, Time: 00:04:55

Health: -1/19      AC:  4    Str:  4    XL:     3   Next: 87%
Magic:  2/13       EV: 13    Int: 23    God:
Gold:   165        SH:  0    Dex: 13    Spells: 4/15 levels left

rFire    . . .     SeeInvis .   s - +1 dagger (speed)
rCold    . . .     Gourm    .   (no shield)
rNeg     . . .     Faith    .   a - +0 robe
rPois    .         Spirit   .   n - +0 helmet
rElec    .         Reflect  .   r - +0 cloak
rCorr    .         Harm     .   (no gloves)
MR       .....                  (no boots)
Stlth    +.........             q - amulet of the acrobat
HPRegen  0.06/turn              (no ring)
MPRegen  0.13/turn              (no ring)

@: confused
A: no striking features
a: no special abilities


You were on level 2 of the Dungeon.
You were near starving.

You visited 1 branch of the dungeon, and saw 3 of its levels.

You collected 165 gold pieces.

Inventory:

Hand Weapons
 l - a +0 spear
 p - a +0 quarterstaff
 s - a +1 dagger of speed (weapon)
Missiles
 e - 33 arrows
 h - 61 stones (quivered)
Armour
 a - a +0 robe (worn)
 b - a +0 hat
 n - a +0 helmet (worn)
 r - a +0 cloak (worn)
Jewellery
 q - an amulet of the acrobat (around neck)
Scrolls
 c - a scroll of magic mapping {unknown}
 f - 2 scrolls of enchant armour {unknown}
 g - 4 scrolls of identify {unknown}
 i - a scroll of enchant weapon {unknown}
 j - a scroll of noise {unknown}
Potions
 k - a potion of resistance {unknown}
 m - a potion of might {unknown}
 o - 3 potions of agility {unknown}
Comestibles
 d - 4 rations
 t - 4 chunks of flesh


   Skills:
 - Level 2.4 Dodging
 - Level 2.4 Stealth
 + Level 6.7 Spellcasting
 - Level 1.1 Conjurations
 - Level 1.1 Summonings
 - Level 1.1 Translocations


You had 4 spell levels left.
You knew the following spells:

 Your Spells              Type           Power        Failure   Level  Hunger
a - Blink                 Tloc           N/A          8%          2    None
e - Mephitic Cloud        Conj/Pois/Air  #.......     21%         3    None
q - Magic Dart            Conj           ##..         4%          1    None
s - Call Imp              Summ           ##......     8%          2    None
w - Conjure Flame         Conj/Fire      ##......     19%         3    None

Your spell library contained the following spells:

 Spells                   Type           Power        Failure   Level  Hunger
 Slow                     Hex            #.......     12%         2    None


Dungeon Overview and Level Annotations

Branches:
Dungeon (3/15)

Altars:


Message History

You closely miss something. Something hits you.
You hit something but do no damage. The orc hits you with a +0 war axe!
Ouch! That really hurt!
Something misses you. The orc completely misses you. Something misses you.
There is a stone staircase leading up here.
Something hits you but does no damage.
You climb upwards.
Reactivating autopickup.
There is a stone staircase leading down here.
Something hits you.
* * * LOW HITPOINT WARNING * * *
Deactivating autopickup; reactivate with Ctrl-A.
You hear some strange, mumbled words.
You are confused.
You're too confused to cast spells.
Something hits you.
* * * LOW HITPOINT WARNING * * *
You're too confused to move!
Something hits you.
You die...

........##....#.#
........#######.#
........#######.#####
...........##.......#
...........##.......#
######.....##.......# #
###########(.###
################..######
........).......@......#
###############..>..##.#
#.######.#
###############.# #.#
#<............#.# #.#
############.##.# #.#
#.##.# #.# #.##.# #.#
#.##.# #.#


There were no monsters in sight!

Vanquished Creatures
  An adder (D:2)
  An ooze (D:2)
  A worm (D:3)
  2 dart slugs (D:2)
  3 leopard geckos
  An orc (D:3)
  A giant cockroach (D:1)
  6 goblins
  6 hobgoblins
  6 kobolds
  2 quokkas (D:2)
  A ball python (D:2)
  3 bats (D:1)
  2 frilled lizards (D:1)
  A rat (D:1)
37 creatures vanquished.

Notes
Turn   | Place    | Note
-------+----------+-------------------------------------------
     0 | D:1      | vorskei the Deep Elf Wizard began the quest for the Orb.
     0 | D:1      | Reached XP level 1. HP: 10/10 MP: 7/7
   167 | D:1      | Reached skill level 5 in Spellcasting
   199 | D:1      | Reached XP level 2. HP: 11/15 MP: 0/10
   666 | D:1      | You fall through a shaft!
   671 | D:2      | Reached skill level 6 in Spellcasting
   671 | D:2      | Reached XP level 3. HP: 4/19 MP: 6/12
  2014 | D:2      | Learned a level 2 spell: Blink
  2017 | D:2      | Learned a level 2 spell: Call Imp
  2021 | D:2      | Learned a level 3 spell: Conjure Flame
  2025 | D:2      | Learned a level 3 spell: Mephitic Cloud
  2230 | D:2      | Slain by an orc wizard

Levels and vault maps discovered:
D:1:      lemuel_arrival_hallway, layout_basic
D:2:      layout_basic, first_ration
D:3:      layout_basic, chequers_big_river

Skill      XL: |  1  2 |
---------------+-------+-----
Spellcasting   | 5 6 |  6.7
Dodging        | |  2.4
Stealth        | |  2.4
Conjurations   | |  1.1
Summonings     | |  1.1
Translocations | |  1.1

Action                   || total
-------------------------++-------
Melee: Spear             ||    15
       Club              ||     9
       Quarterstaff      ||    20
       Dagger            ||    17
 Cast: Magic Dart        ||    66
 Stab: Sleeping          ||     7
  Eat: Chunk             ||     2
Armor: Robe              ||    11
Dodge: Dodged            ||    50

Table legend:
 A = Non-vault XP
 B = Vault XP
 C = Vault XP percentage of total XP
 D = Non-vault monster count
 E = Vault monster count
 F = Vault count percentage of total count
                 A         B        C        D         E       F
            +---------+---------+-------+---------+---------+-------
      Total |      90 |       0 |   0.0 |      37 |       0 |   0.0
            +---------+---------+-------+---------+---------+-------
        D:1 |      32 |       0 |   0.0 |      19 |       0 |   0.0
        D:2 |      47 |       0 |   0.0 |      15 |       0 |   0.0
        D:3 |      11 |       0 |   0.0 |       3 |       0 |   0.0
            +---------+---------+-------+---------+---------+-------
